Map: Blackpink LE

Players

Bly

  • Race: Zerg Zerg
  • Spawn Location: 7:00

Snute - Winner!

  • Race: Zerg Zerg
  • Spawn Location: 1:00

Event: WCS Leipzig 2018

VOD

Have the link to the VOD?

Description

Time

  • Played on: Jan. 26, 2018, 9:59 a.m.
  • Length: 6:22

All games in this series

Show
View Real Time Build Order
Export as new Build Order

Bly Zerg 

Build Orders: Hatch First 

Get SALT Encoding   

  12  0:01  Drone  
  13  0:12  Overlord  
  13  0:17  Drone  
  14  0:31  Drone x2  
  14  0:34  Drone  
  17  0:51  Hatchery  
  17  0:55  Drone  
  17  1:00  Drone  
  17  1:02  Extractor  
  17  1:15  Spawning Pool  
  17  1:17  Drone  
  17  1:20  Drone  
  18  1:27  Drone  
  19  1:39  Overlord  
  19  2:02  Queen  
  19  2:03  Zergling x6  
  19  2:04  Spine Crawler  
  19  2:06  Queen  
  25  2:13  Zergling x2  
  25  2:15  Zergling x2  
  27  2:25  Zergling x2  
  28  2:41  Zergling x4  
  28  2:42  Zergling x2  
  28  2:47  Zergling x4  
  22  2:54  Zergling x2  
  18  3:02  Zergling x2  
  17  3:10  Zergling x2  
  16  3:22  Drone  
  17  3:34  Drone x2  
  16  3:48  Drone  
  18  3:55  Drone x2  
  19  4:04  Metabolic Boost  
  19  4:24  Queen  
  21  4:36  Zergling x6  
  19  4:40  Zergling x2  
  19  4:43  Zergling x2  
  20  4:48  Zergling x2  
  20  4:52  Zergling x2  
  21  5:10  Zergling x8  
  25  5:16  Zergling x2  
  27  5:21  Zergling x2  
  27  5:24  Zergling x2  
  28  5:31  Zergling x2  
  29  5:38  Zergling x4  
  31  5:45  Zergling x2  
  31  5:49  Zergling x2  
  33  5:55  Zergling x2  
  35  6:04  Zergling x4  
Show
View Real Time Build Order
Export as new Build Order

Snute Zerg - Winner!

Build Orders: 1 Base Baneling Bust, Pool First 

Get SALT Encoding   

  12  0:00  Drone  
  13  0:14  Extractor  
  12  0:23  Spawning Pool  
  12  0:28  Drone  
  12  0:33  Drone  
  13  0:37  Drone  
  14  0:48  Overlord  
  14  1:10  Zergling x4  
  14  1:11  Zergling x2  
  17  1:15  Metabolic Boost  
  17  1:21  Zergling x2  
  18  1:32  Zergling x2  
  19  1:35  Baneling Nest  
  18  1:43  Zergling x2  
  19  1:54  Zergling x2  
  20  2:06  Hatchery  
  19  2:10  Zergling x2  
  20  2:15  Zergling x2  
  20  2:20  Baneling x2  
  21  2:28  Zergling x2  
  21  2:47  Zergling x2  
  21  2:50  Drone  
  21  3:00  Drone  
  21  3:12  Drone  
  22  3:17  Queen  
  22  3:19  Overlord  
  23  3:22  Drone, Queen  
  24  3:30  Drone  
  24  3:32  Drone  
  25  3:42  Drone x2  
  26  3:52  Zergling x4  
  26  3:53  Queen  
  28  4:01  Zergling x2  
  29  4:03  Zergling x2  
  30  4:12  Zergling x2  
  30  4:15  Drone  
  32  4:23  Drone  
  33  4:24  Drone  
  33  4:27  Drone x2  
  33  4:30  Overlord  
  36  4:38  Overlord  
  33  4:39  Drone x2  
  33  4:40  Overlord  
  35  4:50  Drone x2  
  37  4:54  Hatchery  
  37  4:58  Drone x2  
  37  5:05  Zergling x2  
  37  5:06  Zergling x4  
  37  5:07  Zergling x2  
  40  5:10  Zergling x2  
  40  5:11  Zergling x2  
  42  5:20  Drone  
  42  5:21  Drone, Roach Warren  
  42  5:24  Drone  
  42  5:26  Drone  
  45  5:29  Baneling x2  
  45  5:32  Drone x2  
  47  5:36  Overlord  
  47  5:42  Overlord  
  47  5:49  Drone  
  50  5:58  Baneling x2  
  50  5:59  Baneling x2  
  50  6:00  Baneling, Roach  
  50  6:01  Roach  
  50  6:03  Zergling x6  
  50  6:04  Zergling x2  
  58  6:05  Baneling  
Tags
 
Add a new tag
Caveats
  • Supply blocks, unpowered buildings, or Contaminate may cause inaccurate times.
  • Supply counts are checked every 10 seconds.